 Dungeon Crawl Stone Soup version 0.21-a0-525-ga34b322 (webtiles) character file.

3729 slep the Cleaver (level 10, -1/53 HPs)
             Began as a Vine Stalker Gladiator on Dec 8, 2017.
             Slain by mrwookie's ghost (6 damage)
             ... on level 7 of the Dungeon.
             The game lasted 00:31:05 (5894 turns).

slep the Cleaver (Vine Stalker Gladiator)           Turns: 5894, Time: 00:31:10

Health: -1/53      AC:  6    Str: 19    XL:     10   Next: 14%
Magic:  0/20       EV: 16    Int: 10    God:
Gold:   351        SH: 10    Dex: 17    Spells: 9/9 levels left

rFire    . . .     SeeInvis .   a - +0 war axe
rCold    + . .     Gourm    .   t - +0 shield
rNeg     . . .     Faith    .   H - +2 robe {rC+}
rPois    .         Spirit   +   (helmet restricted)
rElec    .         Reflect  .   B - +0 cloak
rCorr    .         Harm     .   (no gloves)
MR       +....     Rnd*Rage +   (no boots)
Stlth    ++........             m - amulet of inaccuracy (curse)
HPRegen  0.57/turn              k - ring of magical power
MPRegen  0.17/turn              v - +2 ring of evasion

@: no status effects
A: antennae 1, fangs 3, berserk 1, clever 1, regeneration 1, shaggy fur 1, magic
shield, antimagic bite, no potion heal 3, rot immunity
a: no special abilities


You were on level 7 of the Dungeon.
You were not hungry.

You visited 2 branches of the dungeon, and saw 8 of its levels.

You collected 351 gold pieces.

Inventory:

Hand Weapons
 a - a +0 war axe (weapon)
Missiles
 d - 4 throwing nets (quivered)
 e - 12 tomahawks
Armour
 b - a +0 leather armour
 c - a +0 helmet
 t - a +0 shield (worn)
 B - a +0 cloak (worn)
 C - a +0 robe of magic resistance
 H - a +2 robe of cold resistance (worn)
Jewellery
 k - a ring of magical power (left hand)
 l - an uncursed amulet of regeneration
 m - a cursed amulet of inaccuracy (around neck)
 v - a +2 ring of evasion (right hand)
Wands
 I - a wand of scattershot (5)
 J - a wand of clouds (2)
Scrolls
 h - 8 scrolls of remove curse {unknown}
 o - 5 scrolls of identify
 s - 3 scrolls of fog {unknown}
 y - a scroll of immolation {unknown}
 A - a scroll of magic mapping {unknown}
 K - a scroll of amnesia {unknown}
Potions
 i - a potion of flight {unknown}
 n - 2 potions of mutation {unknown}
 q - a potion of resistance {unknown}
 r - a potion of magic {unknown}
 u - a potion of brilliance {unknown}
 w - a potion of agility
 x - 2 potions of curing {unknown}
 z - a potion of might {unknown}
 D - 2 potions of cancellation {unknown}
 F - a potion of lignification {unknown}
Books
 g - a Young Poisoner's Handbook

   Spells                             Type                      Level
   a - Sting                          Conjuration/Poison           1
   b - Poisonous Vapours              Poison/Air                   2
   c - Mephitic Cloud                 Conjuration/Poison/Air       3
   d - Olgreb's Toxic Radiance        Poison                       4
   e - Venom Bolt                     Conjuration/Poison           5
 G - a book of Callings

   Spells                             Type                      Level
   a - Summon Small Mammal            Summoning                    1
   b - Call Imp                       Summoning                    2
   c - Call Canine Familiar           Summoning                    3
   d - Summon Guardian Golem          Hexes/Summoning              3
   e - Summon Lightning Spire         Summoning/Air                4
   f - Summon Ice Beast               Ice/Summoning                4
Comestibles
 f - 7 bread rations
 j - 4 meat rations
 p - 5 royal jellies
 E - 5 fruits


   Skills:
 + Level 5.8 Fighting
 + Level 8.9 Axes
 + Level 1.9 Throwing
 + Level 2.6 Armour
 + Level 5.6 Dodging
 + Level 1.9 Stealth
 + Level 4.7 Shields


You had 9 spell levels left.
You didn't know any spells.

Dungeon Overview and Level Annotations

Branches:
Dungeon (7/15)             Temple (1/1) D:7

Altars:
Ashenzari
Cheibriados
Dithmenos
Elyvilon
Fedhas
Gozag
Hepliaklqana
Kikubaaqudgha
Makhleb
Qazlal
Sif Muna
Trog
Uskayaw
Vehumet
Wu Jian
Xom
Yredelemnul
Zin
The Shining One

Annotations:
D:7 mrwookie's ghost, novice GnSk


Innate Abilities, Weirdness & Mutations

You have razor-sharp teeth.
Your natural rate of healing is unusually fast.
When hurt, damage is shared between your health and your magic reserves.
Your bite disrupts and absorbs the magic of your enemies.
Potions cannot restore your health.
You are immune to rotting.
You have a pair of small antennae on your head.
You tend to lose your temper in combat.
Your mind is acute. (Int +2)
You are covered in fur. (AC +1)


Message History

Mrwookie's ghost's shroud bends your attack away!
You closely miss the worker ant. Mrwookie's ghost hits you.
* * * LOW HITPOINT WARNING * * *
You writhe in agony.
* * * LOW HITPOINT WARNING * * *
You block the worker ant's attack.
You miss mrwookie's ghost.
Mrwookie's ghost is almost destroyed.
You miss the worker ant.
Mrwookie's ghost is no longer regenerating.
You block the worker ant's attack.
Mrwookie's ghost falters for a moment.
You block the worker ant's attack.
You barely miss mrwookie's ghost. Your bite misses mrwookie's ghost.
Mrwookie's ghost is almost destroyed.
You slash the worker ant!
You kill the worker ant!
Mrwookie's ghost misses you. Mrwookie's ghost hits you!
* * * LOW HITPOINT WARNING * * *
You writhe in agony.
You die...

#.## #
##.######)####.#
##.......)).....# ###
###.....######.####
#.. ...... #.# #..
#.... #####.#### #.#
##...###........####.#
#.....##.##.......(..#
#..W@)....###.####..#
##.########.....##..>
# #.#.####...
#.._..##.#.
###.#.##.#.
#.(...##.##
####÷####.#
#..))†....#
##........##


You could see mrwookie's ghost.

Vanquished Creatures
  Pikel (D:6)
  Joseph (D:7)
  Grinder (D:3)
  Sigmund (D:2)
  Duvessa (D:6)
  An ice beast (D:7)
  A sky beast (D:5)
  A slave (D:6)
  4 phantoms
  4 ogres
  3 centaurs (D:7)
  A bullfrog (D:7)
  Blork the orc (D:5)
  Dowan (D:6)
  4 wights (D:7)
  2 howler monkeys
  A crimson imp (D:7)
  A centaur zombie (D:5)
  5 hounds
  A gnoll shaman (D:7)
  Crazy Yiuf (D:2)
  An orc priest (D:5)
  5 orc wizards
  A centaur skeleton (D:7)
  3 iguanas
  6 worker ants
  9 adders
  8 gnolls
  4 river rats (D:5)
  A shadow imp (D:6)
  5 oozes
  4 worms
  4 dart slugs
  4 leopard geckos
  12 orcs
  A ball python (D:1)
  4 giant cockroaches
  8 hobgoblins
  16 jackals
  3 quokkas
  5 bats
  8 frilled lizards
  5 goblins
  A jackal zombie (D:6)
  8 kobolds
  2 quokka skeletons
  10 rats
  4 plants (D:5)
179 creatures vanquished.

Vanquished Creatures (others)
  5 plants (D:5)
5 creatures vanquished.

Grand Total: 184 creatures vanquished

Notes
Turn   | Place    | Note
-------+----------+-------------------------------------------
     0 | D:1      | slep the Vine Stalker Gladiator began the quest for the Orb.
     0 | D:1      | Reached XP level 1. HP: 11/11 MP: 2/2
    38 | D:1      | Reached XP level 2. HP: 11/15 MP: 3/3
   134 | D:1      | Reached skill level 3 in Axes
   375 | D:1      | Reached XP level 3. HP: 6/18 MP: 4/4
   894 | D:2      | Noticed Sigmund
  1010 | D:2      | Gained mutation: Your natural rate of healing is unusually fast. [Vine Stalker growth]
  1010 | D:2      | Reached XP level 4. HP: 18/23 MP: 5/5
  1416 | D:3      | Reached XP level 5. HP: 22/26 MP: 6/6
  1430 | D:3      | Reached skill level 1 in Armour
  1550 | D:3      | Noticed Grinder
  1575 | D:4      | Reached skill level 4 in Axes
  1609 | D:4      | Noticed a phantom
  1702 | D:4      | Killed a phantom
  1702 | D:4      | Reached XP level 6. HP: 21/32 MP: 7/7
  1918 | D:5      | Entered Level 5 of the Dungeon
  1927 | D:5      | Noticed a phantom
  1981 | D:5      | Killed a phantom
  1981 | D:5      | Reached skill level 1 in Shields
  2078 | D:5      | Found a shattered altar of Ashenzari.
  2101 | D:5      | Reached XP level 7. HP: 31/36 MP: 8/8
  2277 | D:6      | Reached skill level 5 in Axes
  2604 | D:6      | Found a white marble altar of Elyvilon.
  2605 | D:6      | Found a shattered altar of Ashenzari.
  2643 | D:6      | Noticed Dowan
  2686 | D:5      | Noticed Blork the orc
  2696 | D:5      | Killed Blork the orc
  2739 | D:5      | Gained mutation: You have razor-sharp teeth. [Vine Stalker growth]
  2739 | D:5      | Reached XP level 8. HP: 36/40 MP: 9/9
  2867 | D:5      | Reached skill level 6 in Axes
  2876 | D:5      | Gained mutation: Your mind is acute. (Int +2) [mutagenic meat]
  2879 | D:5      | Gained mutation: You have a pair of small antennae on your head. [mutagenic meat]
  2880 | D:5      | Gained mutation: You tend to lose your temper in combat. [mutagenic meat]
  2881 | D:5      | Gained mutation: You are covered in fur. (AC +1) [mutagenic meat]
  3392 | D:2      | Found a runed door.
  3396 | D:2      | Noticed Crazy Yiuf
  3407 | D:2      | Killed Crazy Yiuf
  3644 | D:2      | Killed Sigmund
  3644 | D:2      | Reached skill level 1 in Stealth
  3704 | D:3      | Killed Grinder
  3704 | D:3      | Reached skill level 7 in Axes
  4054 | D:4      | Reached XP level 9. HP: 42/45 MP: 10/10
  4444 | D:5      | HP: 1/46 [ogre/giant club (9)]
  4450 | D:5      | HP: 2/46 [poisoned by a worker ant]
  4983 | D:6      | Killed Dowan
  5159 | D:6      | Noticed Duvessa
  5179 | D:6      | Killed Duvessa
  5215 | D:6      | Noticed Pikel
  5231 | D:6      | Killed Pikel
  5231 | D:6      | Reached skill level 5 in Fighting
  5231 | D:6      | Reached skill level 8 in Axes
  5231 | D:6      | Reached skill level 5 in Dodging
  5405 | D:7      | Found a staircase to the Ecumenical Temple.
  5421 | Temple   | Entered the Ecumenical Temple
  5626 | D:7      | Found an opulent altar of Gozag.
  5683 | D:7      | Reached XP level 10. HP: 41/51 MP: 11/11
  5853 | D:7      | Noticed Joseph
  5871 | D:7      | Killed Joseph
  5873 | D:7      | Noticed mrwookie's ghost (novice GnSk)
  5894 | D:7      | Slain by mrwookie's ghost

Vault maps used:
D:1:      dpeg_arrival_rooms_with_view, supply_closet_lemuel,
          minmay_misc_feat_doors
D:2:      minmay_misc_feat_more_columns, minmay_pentomino_s4,
          uniq_crazy_yiuf_cottage, uniq_sigmund
D:3:      first_bread, kennysheep_generic_room_3, uniq_grinder
D:4:      minmay_a_box_with_orc_wizards_in_it
D:5:      wad_woods_stonehenge, st_stairs_13, roderic_serpentine_path,
          uniq_blork_the_orc
D:6:      chequers_temple_overflow_statue_of_worship, uniq_pikel, uniq_duvessa
D:7:      nicolae_gozag_cash_rules_everything_around_me, temple_green,
          serial_shops, nicolae_shop_trees, uniq_joseph
Temple:   eino_temple_scatter_basement

Skill      XL: |  1  2  3  4  5  6  7  8  9 |
---------------+----------------------------+-----
Axes           | 3 4 5 7 8 |  8.9
Fighting       | 2 3 4 5 |  5.8
Dodging        | 3 4 5 |  5.6
Armour         | 1 2 |  2.6
Shields        | 1 2 3 4 |  4.7
Stealth        | 1 |  1.9
Throwing       | |  1.9

Action                   |  1- 3 |  4- 6 |  7- 9 | 10-12 || total
-------------------------+-------+-------+-------+-------++-------
Melee: War axe           |   103 |   247 |   497 |    53 ||   900
       Bite              |    17 |    59 |   192 |    16 ||   284
  Use: Scroll            |       |       |     2 |       ||     2
 Stab: Sleeping          |       |     1 |       |       ||     1
       Distracted        |       |     1 |       |       ||     1
  Eat: Chunk             |       |     5 |    17 |       ||    22
Armor: Leather armour    |    28 |    52 |    25 |       ||   105
       Robe              |       |       |    35 |    11 ||    46
Dodge: Dodged            |    97 |   146 |   233 |    25 ||   501
Block: Shield            |       |    96 |   186 |    26 ||   308

Table legend:
 A = Spawn XP
 B = Non-spawn XP
 C = Spawn XP percentage of total XP
 D = Spawn monster count
 E = Non-spawn monster count
 F = Spawn count percentage of total count
 G = Total turns spent on level
                    A         B        C        D         E        F      G
               +---------+---------+-------+---------+---------+-------+---------
         Total |       0 |    5328 |   0.0 |       0 |     174 |   0.0 |  5894
               +---------+---------+-------+---------+---------+-------+---------
           D:1 |       0 |      63 |   0.0 |       0 |      31 |   0.0 |   732
           D:2 |       0 |     321 |   0.0 |       0 |      27 |   0.0 |  1080
           D:3 |       0 |     371 |   0.0 |       0 |      26 |   0.0 |   566
           D:4 |       0 |     653 |   0.0 |       0 |      20 |   0.0 |   890
           D:5 |       0 |    1063 |   0.0 |       0 |      31 |   0.0 |  1165
           D:6 |       0 |    1113 |   0.0 |       0 |      14 |   0.0 |   841
           D:7 |       0 |    1744 |   0.0 |       0 |      25 |   0.0 |   458
               +---------+---------+-------+---------+---------+-------+---------
